 Dungeon Crawl Stone Soup version 0.30.1-1-g62c8e00024 (webtiles) character file.

Game seed: 18222725053683466474

225 BillyBaka the Ducker (level 6, -1/46 HPs)
             Began as a Djinni Air Elementalist on July 17, 2023.
             Slain by a black bear (3 damage)
             ... on level 4 of the Dungeon.
             The game lasted 00:13:23 (2870 turns).

BillyBaka the Ducker (Djinni Air Elementalist)      Turns: 2870, Time: 00:13:24

Health: -1/46      AC:  3    Str:  7    XL:     6   Next: 21%
Gold:   191        EV: 13    Int: 18    God:
                   SH:  0    Dex: 14

rFire   + + .        k - +0 falchion
rCold   x . .        (no shield)
rNeg    . . .        i - +1 robe {Will+}
rPois   ∞            (no helmet)
rElec   .            (no cloak)
rCorr   .            (no gloves)
SInv    .            (boots unavailable)
Will    +....        (no amulet)
Stlth   ++           (no ring)
HPRegen 0.27/turn    (no ring)
MPRegen 0.00/turn

%: infuse magic (-2 HP)
@: flying, very slightly contaminated
A: sickness immunity, fire resistance 2, cold vulnerability 1, float, innate
caster, HP casting, extra vitality 1
a: no special abilities


You were on level 4 of the Dungeon.
You visited 1 branch of the dungeon, and saw 4 of its levels.

You collected 191 gold pieces.

Inventory:

Hand Weapons
 k - a +0 falchion (weapon)
Armour
 i - a +1 robe of willpower (worn)
 o - a +2 ring mail of cold resistance
Wands
 b - a wand of light (6)
 g - a wand of polymorph (6) (quivered)
Scrolls
 d - a scroll of amnesia {unknown}
 f - 3 scrolls of identify {unknown}
 h - 2 scrolls of noise {unknown}
 n - a scroll of butterflies {unknown}
Potions
 a - a potion of lignification {unknown}
 c - a potion of ambrosia {unknown}
 e - 2 potions of curing {unknown}
 j - a potion of magic {unknown}
 l - a potion of brilliance {unknown}
 m - a potion of heal wounds {unknown}


   Skills:
 * Level 3.2 Fighting
 + Level 0.3 Armour
 + Level 3.4 Dodging
 + Level 2.7 Stealth
 + Level 3.0 Spellcasting
 + Level 0.4 Evocations


You knew the following spells:

 Your Spells              Type           Power      Damage    Failure   Level
a - Shock                 Conj/Air       52%        1d6       4%          1
b - Static Discharge      Conj/Air       26%        2-4/arc   7%          2
c - Swiftness             Air            13%        N/A       14%         3
d - Airstrike             Air            6%         2d(1-17)  41%         4
e - Magic Dart            Conj           52%        1d5       4%          1
f - Wereblood             Tmut           13%        N/A       7%          2
Your spell library was empty.

Dungeon Overview and Level Annotations

Branches:
Dungeon (4/15)
 Temple: D:4-7

Altars:
Makhleb
The Shining One

Annotations:
D:3 1 transporter, jujuben's ghost, amateur TeHu


Innate Abilities, Weirdness & Mutations

You are immune to sickness and miasma.
You are immune to poison.
Your flesh is very heat resistant. (rF++)
You are vulnerable to cold. (rC-)
You float through the air rather than walking.
You learn spells naturally, not from books.
Your magical power is your life essence.
You have superior vitality. (+4 MHP)


Message History

Confirm with . or Enter, or press ? or * to list all spells.
Aiming: Shock (safe; 4% risk of failure)
Press: ? - help, Shift-Dir - straight line, f/p - black bear
Aim: a black bear (severely wounded, 77% to hit)
The zap hits the black bear.
The black bear is almost dead.
The black bear goes berserk!
Casting: Shock (safe; 4% risk of failure)
Confirm with . or Enter, or press ? or * to list all spells.
Aiming: Shock (safe; 4% risk of failure)
Press: ? - help, Shift-Dir - straight line, f/p - black bear
Aim: a black bear (almost dead, berserk, 77% to hit)
You miscast Shock.
Nothing appears to happen.
The black bear bites you. The black bear misses you.
The black bear barely misses you.
Unknown command.
Casting: Shock (safe; 4% risk of failure)
Confirm with . or Enter, or press ? or * to list all spells.
Aiming: Shock (safe; 4% risk of failure)
Press: ? - help, Shift-Dir - straight line, f/p - black bear
Aim: a black bear (almost dead, berserk, 77% to hit)
The zap hits the black bear.
The black bear is almost dead.
The black bear bites you!
* * * LOW HITPOINT WARNING * * *
The black bear misses you. The black bear closely misses you.
The black bear completely misses you.
The black bear claws you but does no damage.
The black bear barely misses you.
Casting: Shock (safe; 4% risk of failure)
Confirm with . or Enter, or press ? or * to list all spells.
Aiming: Shock (safe; 4% risk of failure)
Press: ? - help, Shift-Dir - straight line, f/p - black bear
Aim: a black bear (almost dead, berserk, 77% to hit)
The zap hits the black bear.
The black bear is almost dead.
* * * LOW HITPOINT WARNING * * *
The black bear bites you!
* * * LOW HITPOINT WARNING * * *
The black bear closely misses you. The black bear claws you.
You die...

........# # ........####
### ...........# ..#
...........# #.#
...........# #.#
...!.......# #.##
...........# ...###
$.....h@...#
.....############...#
..##...........###..######
..##...........'..........
..##...........######.####
..##...........# .#
..##...........# #
##[............#####
#.................#


You could see a black bear (berserk).

Vanquished Creatures
  2 jellies
  An orc wizard (D:3)
  6 adders
  A worm (D:3)
  3 dart slugs
  6 orcs (D:3)
  7 ball pythons
  3 endoplasms
  A giant cockroach (D:3)
  4 goblins
  9 hobgoblins
  3 jackals (D:4)
  8 kobolds
  5 quokkas
  7 bats
  2 frilled lizards (D:3)
  4 rats
72 creatures vanquished.

Notes
Turn   | Place    | Note
-------+----------+-------------------------------------------
     0 | D:1      | BillyBaka the Djinni Air Elementalist began the quest for
                  | the Orb.
     0 | D:1      | BillyBaka set off with the following spells memorised:
                  | Shock, Static Discharge, Swiftness, Airstrike.
     0 | D:1      | Reached XP level 1. HP: 15/15 MP: 0/0
   124 | D:1      | Reached XP level 2. HP: 17/22 MP: 0/0
   217 | D:1      | Reached skill level 1 in Fighting
   449 | D:1      | Reached XP level 3. HP: 19/27 MP: 0/0
   449 | D:1      | Learned a level 1 spell: Magic Dart
  1161 | D:2      | Reached XP level 4. HP: 24/33 MP: 0/0
  1458 | D:2      | Found a faded altar of an unknown god.
  1774 | D:3      | Found a glowing golden altar of the Shining One.
  1787 | D:3      | Found a burning altar of Makhleb.
  1895 | D:3      | Reached XP level 5. HP: 38/39 MP: 0/0
  1895 | D:3      | Learned a level 2 spell: Wereblood
  2239 | D:3      | Found a transporter.
  2241 | D:3      | Noticed an ogre
  2241 | D:3      | Noticed an ogre
  2241 | D:3      | Noticed jujuben's ghost (amateur TeHu)
  2644 | D:4      | Reached XP level 6. HP: 44/46 MP: 0/0
  2857 | D:4      | Noticed a black bear
  2870 | D:4      | HP: 2/46 [black bear (9)]
  2870 | D:4      | Slain by a black bear

Illustrated notes

Levels and vault maps discovered:
D:1:      dpeg_arrival_yet_another_circle, layout_loops_ring,
          chequers_decorated_corner
D:2:      minmay_recursive_quarters, layout_basic, ebering_ecumenical_altar_webs
D:3:      layout_loops_cross, mainiacjoe_overflow_large_starburst,
          gammafunk_ghost_smash, kennysheep_generic_room_9
D:4:      layout_basic, mainiacjoe_overflow_concentric_impassable, uniq_duvessa,
          uniq_robin

Skill      XL: |  1  2  3  4  5 |
---------------+----------------+-----
Fighting       | 1 2 3 |  3.2
Stealth        | 2 |  2.7
Dodging        | 3 |  3.4
Spellcasting   | 3 |  3.0
Armour         | |  0.3
Evocations     | |  0.4

Action                     |  1- 3 |  4- 6 || total
---------------------------+-------+-------++-------
  Melee: Falchion          |       |     2 ||     2
   Cast: Shock             |    78 |   107 ||   185
         Magic Dart        |       |     7 ||     7
 Armour: Robe              |     1 |     6 ||     7
  Dodge: Dodged            |     7 |    17 ||    24
